 Dungeon Crawl Stone Soup version 0.30-a0-414-gcb316572d5 (webtiles) character file.

Game seed: 14814562750871509900

119 lunkers the Cutter (level 5, -5/41 HPs)
             Began as a Meteoran Gladiator on Dec 7, 2022.
             Slain by a gnoll
             ... wielding a +0 spear
              (6 damage)
             ... on level 3 of the Dungeon.
             The game lasted 00:02:13 (863 turns).

lunkers the Cutter (Meteoran Gladiator)              Turns: 863, Time: 00:02:13

Health: -5/41      AC:  4    Str: 18    XL:     5   Next: 49%
Magic:  6/6        EV: 13    Int:  9    God:
Gold:   76         SH:  0    Dex: 15    Spells: 4/4 levels left

rFire   . . .      SeeInvis .    a - +0 rapier
rCold   . . .      Faith    .    (no shield)
rNeg    . . .      Spirit   .    b - +0 leather armour
rPois   +          Reflect  .    c - +0 helmet
rElec   .          Harm     .    (no cloak)
rCorr   .          Rampage  .    (no gloves)
Will    +....                    (no boots)
Stlth   +.........               (no amulet)
HPRegen 0.26/turn                g - ring of willpower
MPRegen 0.10/turn                i - ring of poison resistance

@: glowing
A: sense surroundings 1, otherworldly, glowing, explore regen
a: no special abilities


You were on level 3 of the Dungeon.
You visited 1 branch of the dungeon, and saw 3 of its levels.

You collected 76 gold pieces.

Inventory:

Hand Weapons
 a - a +0 rapier (weapon)
 n - a +4 short sword
Missiles
 d - 3 throwing nets
 e - a javelin
Armour
 b - a +0 leather armour (worn)
 c - a +0 helmet (worn)
Jewellery
 g - a ring of willpower (left hand)
 i - a ring of poison resistance (right hand)
 k - a ring of protection from fire
Scrolls
 f - 5 scrolls of identify {unknown}
 h - a scroll of immolation {unknown}
 l - a scroll of brand weapon {unknown}
Potions
 j - 3 potions of curing {unknown}
 m - a potion of lignification {unknown}


   Skills:
 - Level 2.1 Fighting
 + Level 6.1 Short Blades
 - Level 2.4 Throwing
 - Level 3.6 Dodging


You had 4 spell levels left.
You didn't know any spells.
Your spell library contained the following spells:

 Spells                   Type           Power      Damage    Failure   Level
 Blink                    Tloc           0%         N/A       58%         2
 Manifold Assault         Tloc           0%         N/A       99%         4
 Storm Form               Tmut/Air       0%         N/A       100%        7


Dungeon Overview and Level Annotations

Branches:
Dungeon (3/15) Zot: 944

Altars:

Shops:
D:1 (


Innate Abilities, Weirdness & Mutations

You passively map a small area around you.
You are easily found by Zot.
You glow in the dark.
You regain HP and MP as you explore.


Message History

An adder comes into view.
An orc comes into view. It is wielding a +4 short sword.
The orc shouts!
The gnoll closely misses you.
A gnoll comes into view. It is wielding a +0 spear.
The orc hits you with a +4 short sword.
The gnoll hits you from afar with a +0 spear.
A gnoll comes into view. It is wielding a +0 flail.
The gnoll hits you with a +0 spear.
You closely miss the orc. The orc hits you with a +4 short sword.
The gnoll barely misses you. The gnoll closely misses you.
You hit the orc.
The orc is severely wounded.
The orc hits you with a +4 short sword!
* * * LOW HITPOINT WARNING * * *
The gnoll hits you with a +0 spear.
* * * LOW HITPOINT WARNING * * *
A rat comes into view.
The gnoll closely misses you. The orc attacks as you move away!
The orc hits you but does no damage. The gnoll barely misses you.
The orc attacks as you move away! The orc misses you.
You barely miss the orc.
The orc is severely wounded.
The orc misses you.
The gnoll hits you from afar with a +0 spear.
* * * LOW HITPOINT WARNING * * *
The gnoll closely misses you.
There are monsters nearby!
You hit the orc.
You kill the orc!
The gnoll hits you with a +0 spear!
* * * LOW HITPOINT WARNING * * *
The gnoll closely misses you.
You see here a +4 short sword.
n - a +4 short sword The gnoll hits you with a +0 spear.
* * * LOW HITPOINT WARNING * * *
The gnoll hits you with a +0 spear.
You die...

##.##..†..#####*
, , , ...
#.....# ,,, *,
## *#.....# , **
#..>..# #.....#
, , ##...#######
* * *
*##........# ,
,*########.# ,
,......##@# * *,
#....ggg# * ,*
...##.##S# , ..
,go#* * * ..#*,
... * *#. **
##..# #, * *#..#
, ,,,, ...# *
#.#


You could see 4 gnolls, an adder and an orc.

Vanquished Creatures
  An orc wizard (D:3)
  2 adders (D:3)
  2 worms
  3 orcs (D:3)
  4 bats
  9 endoplasms
  6 goblins
  5 hobgoblins
  3 quokkas
  3 ball pythons
  2 frilled lizards
  4 rats
44 creatures vanquished.

Vanquished Creatures (others)
  An orc wizard (D:3)
  A plant (D:2)
2 creatures vanquished.

Grand Total: 46 creatures vanquished

Notes
Turn   | Place    | Note
-------+----------+-------------------------------------------
     0 | D:1      | lunkers the Meteoran Gladiator began the quest for the Orb.
     0 | D:1      | Reached XP level 1. HP: 17/17 MP: 2/2
    91 | D:1      | Reached XP level 2. HP: 24/24 MP: 3/3
   140 | D:1      | Reached skill level 4 in Short Blades
   218 | D:1      | Reached XP level 3. HP: 29/29 MP: 4/4
   363 | D:1      | Found Wooshri's Weapon Shop.
   658 | D:3      | Reached XP level 4. HP: 35/36 MP: 5/5
   676 | D:3      | Reached skill level 5 in Short Blades
   714 | D:3      | Reached XP level 5. HP: 27/41 MP: 6/6
   731 | D:3      | Reached skill level 6 in Short Blades
   863 | D:3      | HP: 1/41 [gnoll/+0 spear (4)]
   863 | D:3      | Slain by a gnoll

Illustrated notes

Levels and vault maps discovered:
D:1:      mrwooster_arrival_statue_2, layout_loops_ring, serial_shops, shop,
          minmay_lizard_king
D:2:      layout_basic, serial_bayou_crossing
D:3:      layout_loops_cross, uniq_jessica

Skill      XL: |  1  2  3  4  5 |
---------------+----------------+-----
Short Blades   | 4 5 6 |  6.1
Fighting       | |  2.1
Throwing       | |  2.4
Dodging        | |  3.6

Action                   |  1- 3 |  4- 6 || total
-------------------------+-------+-------++-------
Melee: Rapier            |   101 |    72 ||   173
Armor: Leather armour    |    33 |    19 ||    52
Dodge: Dodged            |    47 |    31 ||    78

Table legend: (Time is in decaauts)
 A = Elapsed time spent in this place.
 B = Non-inter-level travel time spent in this place.
 C = Inter-level travel time spent in this place.
 D = Time resting spent in this place.
 E = Time spent auto-exploring this place.
 F = Levels seen in this place.
 G = Mean time per level.
                   A        B        C        D        E       F      G
               +--------+--------+--------+--------+--------+-----+--------+
         Total |    854 |    854 |      0 |      0 |    531 |   3 |  284.7 |
       Dungeon |    854 |    854 |      0 |      0 |    531 |   3 |  284.7 |
               +--------+--------+--------+--------+--------+-----+--------+

Top non-repeatable levels by time:
     D:1: 381 daAuts
     D:2: 267 daAuts
     D:3: 205 daAuts
